 Dungeon Crawl Stone Soup version 0.21.1-1-g345015fe64 (webtiles) character file.

19 Ikesh the Insei (level 2, 0/18 HPs)
             Began as an Octopode Transmuter on Mar 10, 2018.
             Slain by a bat (1 damage)
             ... on level 1 of the Dungeon.
             The game lasted 00:03:14 (826 turns).

Ikesh the Insei (Octopode Transmuter)                Turns: 826, Time: 00:03:15

Health: 0/18       AC:  1    Str:  9    XL:     2   Next: 75%
Magic:  5/5        EV: 13    Int: 15    God:
Gold:   37         SH:  0    Dex: 12    Spells: 2/5 levels left

rFire    . . .     SeeInvis .   j - +0 mace
rCold    . . .     Gourm    .   (no shield)
rNeg     . . .     Faith    .   (helmet restricted)
rPois    .         Spirit   .   (no amulet)
rElec    .         Reflect  .   (no ring)
rCorr    .         Harm     .   (no ring)
MR       .....                  (no ring)
Stlth    ++........             (no ring)
HPRegen  0.06/turn              (no ring)
MPRegen  0.09/turn              (no ring)
                                (no ring)
                                (no ring)

@: appendage (expiring)
A: almost no armour, stealthy swim, amphibious, 8 rings, constrict 8, tentacle
spike 3, camouflage 1, gelatinous body 1
a: End Transformation


You were on level 1 of the Dungeon.
You were not hungry.
One of your tentacles had a temporary spike.
You visited 1 branch of the dungeon, and saw 1 of its levels.

You collected 37 gold pieces.

Inventory:

Hand Weapons
 j - a +0 mace (weapon)
Missiles
 a - 12 arrows
Scrolls
 e - a scroll of enchant armour {unknown}
 f - a scroll of fear {unknown}
 g - a scroll of remove curse {unknown}
Potions
 d - a potion of curing {unknown}
 i - a potion of invisibility {unknown}
Books
 b - a book of Changes

   Spells                             Type                      Level
   a - Beastly Appendage              Transmutation                1
   b - Sticks to Snakes               Transmutation                2
   c - Spider Form                    Transmutation/Poison         3
   d - Ice Form                       Ice/Transmutation            4
   e - Blade Hands                    Transmutation                5
Comestibles
 c - 2 rations


   Skills:
 + Level 1.0 Fighting
 + Level 2.0 Dodging
 + Level 3.4 Unarmed Combat
 + Level 2.2 Spellcasting
 + Level 2.2 Transmutations


You had 2 spell levels left.
You knew the following spells:

 Your Spells              Type           Power        Failure   Level  Hunger
a - Beastly Appendage     Tmut           #.....       9%          1    #......
b - Sticks to Snakes      Tmut           #.......     13%         2    ###....


Dungeon Overview and Level Annotations

Branches:
Dungeon (1/15)

Altars:


Innate Abilities, Weirdness & Mutations

You cannot wear most types of armour.
You are very stealthy in the water. (Stealth+)
You are amphibious.
You can wear up to eight rings at the same time.
You can use your tentacles to constrict eight enemies at once.
Your skin changes colour to match your surroundings (Stealth+).
Your rubbery body absorbs attacks. (AC +1, EV +1)
One of your tentacles bears a large vicious spike.


Message History

You closely miss the leopard gecko. Your grab misses the leopard gecko.
The leopard gecko is severely wounded.
Your transformation is almost over.
The leopard gecko bites you.
You barely miss the leopard gecko. Your grab misses the leopard gecko.
The leopard gecko is severely wounded.
The leopard gecko closely misses you. The leopard gecko bites you.
You barely miss the leopard gecko. Your grab misses the leopard gecko.
The leopard gecko is severely wounded.
The leopard gecko bites you.
* * * LOW HITPOINT WARNING * * *
The leopard gecko misses you. The bat closely misses you. The bat hits you.
* * * LOW HITPOINT WARNING * * *
The leopard gecko closely misses you.
You miss the leopard gecko. Your grab misses the leopard gecko.
You kill the leopard gecko!
The bat hits you.
You die...

###.#..#.. #......#####.
#......#.#>. #........[...
#.#.#..#.#.# #..$b.......
#.#....#.# #....?†.#####
#.#..#.#.# #.###........ #
#......#.###......######
#.###....#...............
##.##..........†.......###
..............@...........
##............b..#..##....
.....................+.....
.#####.......###.#..##.....
#.#...##.####.#.... ..
###.#.........#.# ... .
...#......##. .# ... ....
#.###.#...#.....#.#..#.
....##
......>............#...
#....


You could see a bat.

Vanquished Creatures
  2 leopard geckos (D:1)
  2 goblins (D:1)
  6 hobgoblins (D:1)
  3 kobolds (D:1)
  A rat (D:1)
14 creatures vanquished.

Notes
Turn   | Place    | Note
-------+----------+-------------------------------------------
     0 | D:1      | Ikesh the Octopode Transmuter began the quest for the Orb.
     0 | D:1      | Reached XP level 1. HP: 13/13 MP: 3/3
   319 | D:1      | Reached XP level 2. HP: 18/18 MP: 3/5
   324 | D:1      | Learned a level 2 spell: Sticks to Snakes
   826 | D:1      | Slain by a bat

Action                   || total
-------------------------++-------
Melee: Unarmed           ||    15
       Constrict         ||     8
       Kick              ||     8
       Tentacles         ||     3
       Mace              ||    17
 Cast: Beastly Appendage ||    12
 Stab: Sleeping          ||     3
Armor: Skin              ||     2
Dodge: Dodged            ||    20
